[ AOE2 MATCH · #505789362 ]
UnrankedMongols vs Turks
Player's team · LOSS
Rival team · WIN
[ REPLAY ANALYSIS · EXTRACTED FROM THE RECORDED GAME ]
Feudal
9:24
Castle
23:37
Imperial
41:26
| APM avg | 58.5 |
| APM peak | 100 |
| eAPM avg | 20.4 |
| Villagers / military | 117 / 85 |
Focus
⚔️ 34.9% · 🌾 65.1%
Scout Cavalry ×37 · Camel Scout ×18 · Cavalry Archer ×16 · Archer ×7 · Unknown (2626) ×7 · Monk ×3
Feudal
13:02
Castle
21:30
Imperial
42:48
| APM avg | 28.9 |
| APM peak | 61 |
| eAPM avg | 17.0 |
| Villagers / military | 132 / 110 |
Focus
⚔️ 24.2% · 🌾 75.8%
Cavalry Archer ×45 · Janissary ×24 · Fishing Ship ×13 · Camel Scout ×12 · Spearman ×9 · Knight ×5
Match map
Initial resources + every placement click. Lines = walls · curves = elevation contours. ◆ gold · ⬟ stone · ● berries · ✦ relic · ◌ wall gap
Your base· Open — unwalled flank
GamerKight4878's base· Open — unwalled flank
Smoothed initial terrain · ◌ = detected wall gap · hover for details
Inputs per minute
— Soloarqueros - - GamerKight4878
Build order — Soloarqueros
First 150 of 361 actions detected
| 0:00 | Queue | Villager (Male) |
| 0:00 | Queue | Villager (Male) |
| 0:02 | Build | House |
| 0:03 | Build | House |
| 0:29 | Queue | Villager (Male) |
| 1:10 | Queue | Villager (Male) |
| 1:24 | Queue | Villager (Male) |
| 1:57 | Queue | Villager (Male) |
| 2:13 | Queue | Villager (Male) |
| 2:45 | Queue | Villager (Male) |
| 3:07 | Queue | Villager (Male) |
| 3:27 | Build | Mill |
| 3:30 | Queue | Villager (Male) |
| 3:39 | Build | Lumber Camp |
| 3:52 | Queue | Villager (Male) |
| 4:26 | Research | Loom |
| 4:51 | Build | House |
| 4:54 | Queue | Villager (Male) |
| 5:16 | Queue | Villager (Male) |
| 5:55 | Queue | Villager (Male) |
| 6:11 | Queue | Villager (Male) |
| 6:34 | Build | House |
| 6:40 | Queue | Villager (Male) |
| 7:06 | Queue | Villager (Male) |
| 7:14 | Research | Feudal Age |
| 7:50 | Build | Barracks |
| 8:18 | Queue | Villager (Male) |
| 9:07 | Queue | Villager (Male) |
| 9:24 | Age | Feudal Age |
| 9:25 | Build | Stable |
| 9:47 | Queue | Spearman |
| 9:51 | Build | Mill |
| 9:52 | Queue | Villager (Male) |
| 10:05 | Queue | Scout Cavalry |
| 10:06 | Queue | Scout Cavalry |
| 10:27 | Queue | Villager (Male) |
| 10:34 | Queue | Villager (Male) |
| 10:45 | Build | House |
| 10:51 | Research | Double-Bit Axe |
| 11:07 | Queue | Villager (Male) |
| 11:10 | Build | House |
| 11:12 | Queue | Scout Cavalry |
| 11:21 | Queue | Villager (Male) |
| 11:30 | Queue | Scout Cavalry |
| 11:42 | Build | House |
| 11:48 | Build | Farm |
| 11:57 | Queue | Villager (Male) |
| 12:00 | Build | Mining Camp |
| 12:29 | Queue | Villager (Male) |
| 12:30 | Build | Farm |
| 12:34 | Build | Farm |
| 12:35 | Queue | Villager (Male) |
| 12:48 | Queue | Villager (Male) |
| 12:53 | Queue | Scout Cavalry |
| 13:08 | Build | Farm |
| 13:08 | Build | Farm |
| 13:37 | Build | Watch Tower |
| 13:41 | Build | Farm |
| 13:43 | Queue | Villager (Male) |
| 13:44 | Queue | Scout Cavalry |
| 13:50 | Build | House |
| 14:00 | Queue | Villager (Male) |
| 14:11 | Queue | Villager (Male) |
| 14:22 | Build | Mill |
| 14:23 | Queue | Villager (Male) |
| 14:54 | Queue | Villager (Male) |
| 15:03 | Queue | Villager (Male) |
| 15:08 | Build | Farm |
| 15:09 | Queue | Villager (Male) |
| 15:23 | Build | Blacksmith |
| 15:44 | Queue | Scout Cavalry |
| 16:06 | Queue | Villager (Male) |
| 16:17 | Build | Watch Tower |
| 16:19 | Research | Fletching |
| 16:48 | Queue | Villager (Male) |
| 16:56 | Queue | Villager (Male) |
| 16:59 | Queue | Villager (Male) |
| 17:02 | Build | Farm |
| 17:02 | Build | Farm |
| 17:03 | Build | Farm |
| 17:03 | Build | Farm |
| 17:03 | Build | Farm |
| 17:30 | Queue | Villager (Male) |
| 17:32 | Build | Farm |
| 17:57 | Build | Watch Tower |
| 17:59 | Queue | Villager (Male) |
| 18:02 | Build | Archery Range |
| 18:03 | Queue | Villager (Male) |
| 18:08 | Build | Mining Camp |
| 18:24 | Build | House |
| 19:08 | Queue | Villager (Male) |
| 19:24 | Queue | Villager (Male) |
| 19:25 | Queue | Archer |
| 19:37 | Queue | Skirmisher |
| 20:04 | Queue | Villager (Male) |
| 20:15 | Research | Town Watch |
| 20:17 | Build | House |
| 20:21 | Build | Market |
| 20:57 | Research | Castle Age |
| 21:15 | Queue | Villager (Male) |
| 21:34 | Build | Watch Tower |
| 21:40 | Research | Padded Archer Armor |
| 21:42 | Build | Archery Range |
| 21:43 | Queue | Villager (Male) |
| 21:47 | Queue | Archer |
| 21:54 | Queue | Archer |
| 22:00 | Build | Palisade Wall |
| 22:01 | Build | Palisade Wall |
| 22:02 | Build | Palisade Wall |
| 22:03 | Build | Palisade Wall |
| 22:20 | Queue | Villager (Male) |
| 22:20 | Queue | Archer |
| 22:21 | Queue | Archer |
| 22:24 | Queue | Villager (Male) |
| 22:57 | Queue | Archer |
| 23:00 | Queue | Archer |
| 23:22 | Build | House |
| 23:27 | Research | Bloodlines |
| 23:37 | Age | Castle Age |
| 23:52 | Build | Watch Tower |
| 24:13 | Queue | Cavalry Archer |
| 24:30 | Queue | Villager (Male) |
| 24:38 | Queue | Cavalry Archer |
| 24:40 | Queue | Villager (Male) |
| 24:47 | Build | Monastery |
| 25:00 | Queue | Villager (Male) |
| 25:01 | Queue | Cavalry Archer |
| 25:21 | Queue | Cavalry Archer |
| 25:29 | Queue | Cavalry Archer |
| 25:31 | Queue | Villager (Male) |
| 25:34 | Queue | Villager (Male) |
| 25:36 | Build | House |
| 25:38 | Build | House |
| 25:44 | Queue | Monk |
| 25:45 | Queue | Villager (Male) |
| 25:55 | Queue | Villager (Male) |
| 26:16 | Queue | Villager (Male) |
| 26:29 | Queue | Villager (Male) |
| 26:30 | Queue | Cavalry Archer |
| 26:43 | Queue | Villager (Male) |
| 26:55 | Queue | Camel Scout |
| 26:55 | Queue | Camel Scout |
| 27:06 | Research | Bodkin Arrow |
| 27:19 | Queue | Villager (Male) |
| 27:19 | Queue | Villager (Male) |
| 27:25 | Queue | Cavalry Archer |
| 27:43 | Queue | Cavalry Archer |
| 27:53 | Build | Lumber Camp |
| 27:54 | Queue | Villager (Male) |
| 27:55 | Queue | Cavalry Archer |
Build order — GamerKight4878
First 150 of 358 actions detected
| 0:01 | Queue | Villager (Male) |
| 0:03 | Build | House |
| 0:05 | Build | House |
| 0:08 | Queue | Villager (Male) |
| 0:08 | Queue | Villager (Male) |
| 0:27 | Queue | Villager (Male) |
| 0:28 | Queue | Villager (Male) |
| 1:23 | Queue | Villager (Male) |
| 2:05 | Build | Lumber Camp |
| 2:08 | Queue | Villager (Male) |
| 2:31 | Queue | Villager (Male) |
| 2:48 | Queue | Villager (Male) |
| 3:18 | Queue | Villager (Male) |
| 3:46 | Queue | Villager (Male) |
| 3:54 | Build | House |
| 4:05 | Queue | Villager (Male) |
| 4:25 | Queue | Villager (Male) |
| 4:50 | Build | Dock |
| 5:02 | Queue | Villager (Male) |
| 5:03 | Queue | Villager (Male) |
| 5:32 | Queue | Villager (Male) |
| 5:48 | Build | House |
| 5:50 | Queue | Fishing Ship |
| 5:59 | Queue | Villager (Male) |
| 6:03 | Queue | Fishing Ship |
| 6:11 | Queue | Villager (Male) |
| 6:36 | Build | House |
| 6:46 | Queue | Villager (Male) |
| 6:52 | Build | Mill |
| 7:04 | Queue | Villager (Male) |
| 7:30 | Queue | Fishing Ship |
| 7:43 | Build | Mill |
| 7:49 | Build | House |
| 8:05 | Queue | Villager (Male) |
| 8:13 | Queue | Fishing Ship |
| 8:20 | Build | House |
| 8:24 | Queue | Villager (Male) |
| 8:43 | Queue | Villager (Male) |
| 8:47 | Queue | Fishing Ship |
| 9:06 | Queue | Villager (Male) |
| 9:10 | Queue | Fishing Ship |
| 9:40 | Queue | Villager (Male) |
| 9:41 | Research | Loom |
| 10:17 | Build | Dock |
| 10:24 | Queue | Fishing Ship |
| 10:52 | Research | Feudal Age |
| 11:00 | Build | House |
| 11:05 | Build | Palisade Wall |
| 11:07 | Build | Palisade Wall |
| 11:08 | Build | Palisade Wall |
| 11:11 | Build | Palisade Wall |
| 11:13 | Build | House |
| 11:16 | Build | Palisade Wall |
| 11:19 | Build | Palisade Wall |
| 11:23 | Build | Palisade Wall |
| 11:32 | Build | House |
| 11:34 | Build | Palisade Wall |
| 11:54 | Queue | Fishing Ship |
| 11:55 | Queue | Fishing Ship |
| 12:12 | Build | Barracks |
| 12:43 | Build | Palisade Wall |
| 12:45 | Build | Palisade Wall |
| 12:46 | Build | Palisade Wall |
| 12:49 | Queue | Fishing Ship |
| 12:49 | Queue | Fishing Ship |
| 12:53 | Queue | Villager (Male) |
| 12:53 | Queue | Villager (Male) |
| 13:02 | Age | Feudal Age |
| 13:06 | Queue | Spearman |
| 13:06 | Queue | Spearman |
| 13:06 | Queue | Spearman |
| 13:14 | Research | Tech 906 |
| 13:27 | Research | Double-Bit Axe |
| 13:36 | Build | Mining Camp |
| 13:45 | Queue | Villager (Male) |
| 13:45 | Queue | Villager (Male) |
| 13:58 | Build | Watch Tower |
| 14:03 | Queue | Villager (Male) |
| 14:26 | Queue | Spearman |
| 14:27 | Queue | Spearman |
| 14:49 | Queue | Villager (Male) |
| 14:54 | Queue | Villager (Male) |
| 14:56 | Queue | Spearman |
| 14:56 | Queue | Spearman |
| 15:00 | Queue | Fishing Ship |
| 15:01 | Queue | Fishing Ship |
| 15:18 | Queue | Villager (Male) |
| 15:25 | Queue | Spearman |
| 15:46 | Queue | Militia |
| 15:57 | Build | Market |
| 16:05 | Research | Wheelbarrow |
| 16:22 | Build | House |
| 16:25 | Build | House |
| 16:28 | Build | Palisade Wall |
| 16:38 | Build | Farm |
| 16:40 | Build | House |
| 16:47 | Build | Farm |
| 17:09 | Queue | Villager (Male) |
| 17:29 | Queue | Villager (Male) |
| 17:47 | Build | Farm |
| 18:00 | Build | Blacksmith |
| 18:02 | Queue | Villager (Male) |
| 18:22 | Research | Gold Mining |
| 18:30 | Build | Farm |
| 18:49 | Build | Farm |
| 18:50 | Research | Castle Age |
| 18:54 | Build | Farm |
| 19:14 | Build | Lumber Camp |
| 20:20 | Build | Archery Range |
| 20:34 | Research | Fletching |
| 20:48 | Build | Mining Camp |
| 21:20 | Build | Stable |
| 21:27 | Research | Scale Barding Armor |
| 21:29 | Research | Scale Mail Armor |
| 21:30 | Age | Castle Age |
| 21:33 | Queue | Cavalry Archer |
| 21:33 | Queue | Cavalry Archer |
| 21:45 | Build | Town Center |
| 21:51 | Research | Bodkin Arrow |
| 22:28 | Build | House |
| 22:31 | Build | House |
| 22:34 | Build | House |
| 23:07 | Queue | Knight |
| 23:14 | Build | Farm |
| 23:24 | Queue | Cavalry Archer |
| 23:24 | Queue | Cavalry Archer |
| 23:38 | Research | Hand Cart |
| 23:42 | Queue | Knight |
| 23:42 | Queue | Knight |
| 24:50 | Build | Farm |
| 24:52 | Build | Farm |
| 24:52 | Queue | Villager (Male) |
| 24:52 | Queue | Villager (Male) |
| 24:56 | Queue | Knight |
| 24:57 | Queue | Knight |
| 25:31 | Queue | Villager (Male) |
| 25:31 | Queue | Villager (Male) |
| 25:31 | Queue | Villager (Male) |
| 25:37 | Queue | Villager (Male) |
| 25:37 | Queue | Villager (Male) |
| 25:37 | Queue | Villager (Male) |
| 25:38 | Queue | Villager (Male) |
| 25:38 | Queue | Villager (Male) |
| 25:43 | Build | Monastery |
| 26:17 | Build | Town Center |
| 26:24 | Queue | Spearman |
| 26:32 | Queue | Villager (Male) |
| 26:32 | Queue | Villager (Male) |
| 26:44 | Queue | Scout Cavalry |
| 26:44 | Queue | Scout Cavalry |
Match timeline
| 4:50 | GamerKight4878 · first_building Dock |
| 7:50 | Soloarqueros · first_building Barracks |
| 9:24 | Soloarqueros · age_up feudal |
| 9:25 | Soloarqueros · first_building Stable |
| 11:05 | GamerKight4878 · wall_segment Palisade Wall x1 |
| 11:07 | GamerKight4878 · wall_segment Palisade Wall x1 |
| 11:08 | GamerKight4878 · wall_segment Palisade Wall x1 |
| 11:11 | GamerKight4878 · wall_segment Palisade Wall x1 |
| 11:16 | GamerKight4878 · wall_segment Palisade Wall x5 |
| 11:19 | GamerKight4878 · wall_segment Palisade Wall x6 |
| 11:23 | GamerKight4878 · wall_segment Palisade Wall x8 |
| 11:34 | GamerKight4878 · wall_segment Palisade Wall x3 |
| 12:12 | GamerKight4878 · first_building Barracks |
| 12:43 | GamerKight4878 · wall_segment Palisade Wall x1 |
| 12:45 | GamerKight4878 · wall_segment Palisade Wall x1 |
| 12:46 | GamerKight4878 · wall_segment Palisade Wall x1 |
| 13:02 | GamerKight4878 · age_up feudal |
| 16:28 | GamerKight4878 · wall_segment Palisade Wall x1 |
| 17:03 | GamerKight4878 · first_market_buy 100 stone |
| 18:02 | Soloarqueros · first_building Archery Range |
| 20:20 | GamerKight4878 · first_building Archery Range |
| 21:20 | GamerKight4878 · first_building Stable |
| 21:30 | GamerKight4878 · age_up castle |
| 22:00 | Soloarqueros · wall_segment Palisade Wall x1 |
| 22:01 | Soloarqueros · wall_segment Palisade Wall x1 |
| 22:02 | Soloarqueros · wall_segment Palisade Wall x1 |
| 22:03 | Soloarqueros · wall_segment Palisade Wall x1 |
| 23:37 | Soloarqueros · age_up castle |
| 23:58 | Soloarqueros · first_market_sell 100 food |
| 24:02 | Soloarqueros · first_market_buy 100 stone |
| 24:47 | Soloarqueros · first_building Monastery |
| 25:43 | GamerKight4878 · first_building Monastery |
| 26:05 | GamerKight4878 · first_market_sell 100 food |
| 28:03 | GamerKight4878 · first_building Siege Workshop |
| 31:03 | GamerKight4878 · first_building Castle |
| 35:45 | Soloarqueros · first_building Dock |
| 36:09 | Soloarqueros · wall_segment Stone Wall x1 |
| 36:11 | Soloarqueros · wall_segment Stone Wall x1 |
| 36:13 | Soloarqueros · wall_segment Stone Wall x1 |
| 36:13 | Soloarqueros · wall_segment Stone Wall x1 |
| 39:03 | Soloarqueros · first_building Castle |
| 41:26 | Soloarqueros · age_up imperial |
| 42:48 | GamerKight4878 · age_up imperial |
| 46:06 | Soloarqueros · resign |
[ AI ANALYSIS · 1 CREDIT ]
What really happened in this match?
Wolo.gg analyzes every decision: build order, eco, micro, common mistakes by bracket. Personalized analysis on WhatsApp or Discord in 30 seconds.
Civ guide
Mongols
Perfil
Jugador #22611492